 Dungeon Crawl Stone Soup version 0.16-a0-3295-gb88e9a2 (webtiles) character file.

110 Minkie the Poker (level 4, -3/36 HPs)
             Began as a Draconian Skald on Dec 24, 2014.
             Slain by jimeh's ghost (6 damage)
             ... on level 3 of the Dungeon.
             The game lasted 00:07:50 (2518 turns).

Minkie the Poker (Draconian Skald)                  Turns: 2518, Time: 00:07:50

Health: -3/36      AC:  5    Str: 15    XL:     4   Next: 61%
Magic:  7/7        EV: 11    Int: 13    God:
Gold:   84         SH:  0    Dex: 10    Spells: 1 memorised, 6 levels left

rFire  . . .     SeeInvis .     a - +0 spear
rCold  . . .     Clarity  .     (armour unavailable)
rNeg   . . .     SustAb   .     (no shield)
rPois  .         Gourm    .     (helmet restricted)
rElec  .         Spirit   .     (no cloak)
rCorr  .         Warding  .     (no gloves)
rMut   .         Stasis   .     (no boots)
MR     .....                    (no amulet)
Stlth  +.........               (no ring)
                                (no ring)

@: starving, not resistant to hostile enchantments, very unstealthy
A: unfitting armour, cold-blooded, AC +5
a: no special abilities


You were on level 3 of the Dungeon.
You were starving.

You visited 1 branch of the dungeon, and saw 3 of its levels.

You collected 84 gold pieces.

Inventory:

Hand weapons
 a - a +0 spear (weapon)
Jewellery
 e - an uncursed ring of ice {unknown}
 f - a cursed amulet of guardian spirit {unknown}
Scrolls
 g - a scroll of enchant armour {unknown}
 l - a scroll of identify {unknown}
 n - a scroll of remove curse {unknown}
 o - a scroll of magic mapping {unknown}
 p - a scroll of enchant weapon {unknown}
 q - a scroll of noise {unknown}
 r - a scroll of recharging {unknown}
Potions
 b - 3 potions of lignification {unknown}
 h - a potion of restore abilities {unknown}
 i - 2 potions of brilliance {unknown}
 j - a potion of curing {unknown}
 k - a potion of agility {unknown}
 m - 2 potions of might {unknown}
Books
 c - a book of Battle

   Spells                             Type                      Level
   a - Infusion                       Charms                       1
   b - Shroud of Golubria             Charms/Translocation         2
   c - Song of Sleighing              Charms                       2
   d - Spectral Weapon                Hexes/Charms                 3
   e - Regeneration                   Charms/Necromancy            3
Comestibles
 d - 2 bread rations


   Skills:
 - Level 2.1 Fighting
 + Level 4.9 Polearms
 - Level 1.3 Dodging
 - Level 2.0 Spellcasting
 - Level 2.6 Charms


You had 6 spell levels left.
You knew the following spells:

 Your Spells              Type           Power        Failure   Level  Hunger
a - Infusion              Chrm           #.....       10%         1    ##.....


Dungeon Overview and Level Annotations

Branches:
Dungeon (3/15)

Altars:
Gozag
Zin

Annotations:
D:3 jimeh's ghost, average DEFi


Innate Abilities, Weirdness & Mutations

Your plain brown scales are hard (AC +5).
Your body does not fit into most forms of armour.
Your cold-blooded metabolism reacts poorly to cold.


Message History

You closely miss jimeh's ghost.
Jimeh's ghost is moderately damaged.
Jimeh's ghost hits you.
* * * LOW HITPOINT WARNING * * *
You closely miss jimeh's ghost.
Jimeh's ghost is moderately damaged.
Jimeh's ghost hits you.
* * * LOW HITPOINT WARNING * * *
You barely miss jimeh's ghost.
Jimeh's ghost is moderately damaged.
Jimeh's ghost barely misses you.
You barely miss jimeh's ghost.
Jimeh's ghost is moderately damaged.
You barely miss jimeh's ghost.
Jimeh's ghost is moderately damaged.
Jimeh's ghost completely misses you.
You hit jimeh's ghost but do no damage.
Jimeh's ghost is moderately damaged.
Jimeh's ghost hits you.
You die...

.# #.# # ..#... #.
#.##... ####.####
##........
........###>........
#........##.÷........
#......%.##W.).......
#........[÷.@#.......
........#####......
...$....# ......
........# .....
######## .... #


You could see jimeh's ghost.

Vanquished Creatures
  A worker ant (D:3)
  4 adders
  A worm (D:1)
  An ooze (D:2)
  An orc (D:3)
  7 bats
  2 giant cockroaches
  7 goblins
  3 hobgoblins
  7 jackals (D:2)
  2 quokkas
  2 giant newts (D:1)
  2 kobolds
  3 rats (D:1)
43 creatures vanquished.

Notes
Turn   | Place    | Note
--------------------------------------------------------------
     0 | D:1      | Minkie, the Draconian Skald, began the quest for the Orb.
     0 | D:1      | Reached XP level 1. HP: 17/17 MP: 3/3
   434 | D:1      | Reached XP level 2. HP: 24/24 MP: 4/4
   626 | D:1      | Reached skill level 3 in Polearms
  1249 | D:2      | Reached XP level 3. HP: 29/29 MP: 6/6
  1474 | D:2      | Reached skill level 4 in Polearms
  1823 | D:2      | Reached XP level 4. HP: 32/36 MP: 7/7
  1858 | D:2      | Found an opulent altar of Gozag.
  2069 | D:3      | Noticed jimeh's ghost (average DEFi)
  2469 | D:2      | Found a glowing silver altar of Zin.
  2518 | D:3      | Slain by jimeh's ghost

Action                   |  1- 3 |  4- 6 || total
-------------------------+-------+-------++-------
Melee: Spear             |   147 |    81 ||   228
  Eat: Chunk             |     2 |     1 ||     3
